 Dungeon Crawl Stone Soup version 0.30.1-9-gdf580d7c3d (webtiles) character file.

Game seed: 11587222763968265970

70 lonewolfV2 the Chopper (level 4, -2/40 HPs)
             Began as a Hill Orc Fighter on Sept 25, 2023.
             Slain by Crazy Yiuf
             ... wielding a +4 quarterstaff of chaos
              (8 damage)
             ... on level 2 of the Dungeon.
             The game lasted 00:02:03 (1377 turns).

lonewolfV2 the Chopper (Hill Orc Fighter)           Turns: 1377, Time: 00:02:03

Health: -2/40      AC:  7    Str: 20    XL:     4   Next: 21%
Magic:  4/4        EV:  9    Int:  8    God:
Gold:   127        SH:  4    Dex: 10    Spells: 3/3 levels left

rFire   + . .        a - +0 war axe
rCold   + . .        c - +0 buckler
rNeg    . . .        b - +0 scale mail
rPois   +            (no helmet)
rElec   +            (no cloak)
rCorr   +            (no gloves)
SInv    .            (no boots)
Will    .....        l - amulet of faith Stlth
                     (no ring)
HPRegen 0.26/turn    (no ring)
MPRegen 0.09/turn

%: faith
@: lethally poisoned (-2 -> -7), resistant
A: no striking features
a: no special abilities


You were on level 2 of the Dungeon.
You visited 1 branch of the dungeon, and saw 2 of its levels.

You collected 127 gold pieces.

Inventory:

Hand Weapons
 a - a +0 war axe (weapon)
Armour
 b - a +0 scale mail (worn)
 c - a +0 buckler (worn)
Jewellery
 l - an amulet of faith (around neck)
Wands
 m - a wand of polymorph (10)
Scrolls
 g - a scroll of poison {unknown}
 o - a scroll of teleportation {unknown}
Potions
 d - a potion of might
 e - a potion of brilliance {unknown}
 f - 2 potions of magic
 h - a potion of berserk rage
 i - a potion of resistance
 j - a potion of lignification {unknown}
 k - a potion of curing {unknown}
 n - a potion of flight {unknown}


   Skills:
 + Level 4.0 Fighting
 + Level 4.2 Axes
 + Level 4.0 Armour
 + Level 0.5 Dodging
 + Level 3.4 Shields


You had 3 spell levels left.
You didn't know any spells.
Your spell library contained the following spells:

 Spells                   Type           Power      Damage    Failure   Level
 Lesser Beckoning         Tloc           0%         N/A       92%         2
 Gell's Gravitas          Tloc           0%         N/A       99%         3
 Teleport Other           Tloc           0%         N/A       99%         3


Dungeon Overview and Level Annotations

Branches:
Dungeon (2/15)

Altars:
Ru

Annotations:
D:2 Crazy Yiuf


Message History

The orc closely misses you.
You slash the orc!
You kill the orc!
Your Armour skill increases to level 4!
Things that are here:
a +0 mace; a +0 leather armour; an orc corpse
Okay, then.
Found a chain mail.
Found an escape hatch in the floor.
Found a hand axe.
o - a scroll labelled VIEH ZUVOYT
There is a stone staircase leading down here.
You now have 110 gold pieces (gained 10).
You now have 116 gold pieces (gained 6).
You now have 127 gold pieces (gained 11).
Found a hammer.
Found a runed translucent door.
Crazy Yiuf shouts!
Could not explore, unopened runed door.
Could not explore, unopened runed door.
You open the door.
Crazy Yiuf drinks a potion.
Crazy Yiuf seems to speed up.
You block Crazy Yiuf's attack.
Crazy Yiuf hits you with a +4 quarterstaff of chaos.
You are poisoned.
There is an open translucent door here.
You slash Crazy Yiuf!
Crazy Yiuf is heavily wounded.
You feel very sick.
Crazy Yiuf hits you with a +4 quarterstaff of chaos!
Crazy Yiuf burns you.
Crazy Yiuf hits you with a +4 quarterstaff of chaos!
* * * LOW HITPOINT WARNING * * *
Crazy Yiuf burns you.
* * * LOW HITPOINT WARNING * * *
Sorry, you're not good enough to have a special ability.
It was a potion of resistance.
You feel protected.
* * * LOW HITPOINT WARNING * * *
You feel sick.
Crazy Yiuf hits you with a +4 quarterstaff of chaos!
You die...

##.............##..##
##...#.
#...............#.##
#...##.
#.........#########
####...###
#........>#
#.........
#.........# #####
###.........
#.........# #..)#
#...........
##........# #...#
###.........
##.....#.# #.g.#
#......... #########
#@# #........# ♣♣.♣
#........# ♣.♣♣
#........# ♣♣.♣
#........# ♣.♣♣
#.######## ♣♣.♣♣ #.#
♣...♣♣ #.# ♣....♣ #.#
##^.## ###.#


You could see Crazy Yiuf (fast).

Vanquished Creatures
  Terence (D:2)
  An adder (D:2)
  An orc (D:2)
  4 endoplasms
  A giant cockroach (D:1)
  6 goblins
  2 hobgoblins (D:2)
  4 jackals (D:2)
  A quokka (D:1)
  2 ball pythons (D:1)
  3 bats (D:1)
  2 frilled lizards
  A kobold (D:1)
  5 rats
34 creatures vanquished.

Notes
Turn   | Place    | Note
-------+----------+-------------------------------------------
     0 | D:1      | lonewolfV2 the Hill Orc Fighter began the quest for the
                  | Orb.
     0 | D:1      | Reached XP level 1. HP: 19/19 MP: 1/1
   235 | D:1      | Reached XP level 2. HP: 27/27 MP: 2/2
   713 | D:2      | Reached XP level 3. HP: 32/33 MP: 3/3
   838 | D:2      | Noticed Terence
   840 | D:2      | Found a sacrificial altar of Ru.
   850 | D:2      | HP: 1/49 [Terence/+0 flail (3)]
   851 | D:2      | Killed Terence
   852 | D:2      | Reached XP level 4. HP: 1/40 MP: 4/4
  1370 | D:2      | Found a runed translucent door.
  1371 | D:2      | Noticed Crazy Yiuf
  1377 | D:2      | Slain by Crazy Yiuf

Illustrated notes

Levels and vault maps discovered:
D:1:      scummos_arrival_star, layout_basic, minmay_tetromino_o4
D:2:      layout_rooms, basic_altar, hangedman_feature_mirror,
          uniq_crazy_yiuf_cottage, uniq_terence

Skill      XL: |  1  2  3  4 |
---------------+-------------+-----
Axes           | 3 4 |  4.2
Fighting       | 4 |  4.0
Armour         | 4 |  4.0
Dodging        | |  0.5
Shields        | |  3.4

Action                     |  1- 3 |  4- 6 || total
---------------------------+-------+-------++-------
  Melee: War axe           |    73 |     4 ||    77
    Use: Scroll            |     1 |       ||     1
         Potion            |     1 |     1 ||     2
 Armour: Scale mail        |    41 |       ||    41
  Dodge: Dodged            |    43 |     2 ||    45
  Block: Buckler           |    17 |     2 ||    19
